AoeStats
← oldnoob2024

Oasis

509305327Analyzed
4v4 RM · 7d ago on Sep 26, 2026· 52m 7s· 8 players
Game mode
Random Map
Map size
Large (8 player)
Population
200
Speed
Normal
Resources
Standard
Victory
Conquest
Starting age
Dark Age
Ending age
Imperial Age
RankedLock teamsTeams togetherTeam positionsShared explorationLock speedFull tech treeHidden civsTurbo modeCheats
Victory
Defeat
🇦🇺 Varangians · Australia
1463
+12
🇨🇳 Huns · China
1404
+15
🇨🇳 Tupi · China
1355
+17
🇯🇵 Khitans · Japan
1300
+20
🇨🇦 Franks · Canada
1423
-18
🇩🇪 Spanish · Germany
1393
-17
🇲🇽 Celts · Mexico
1375
-16
🇲🇽 Varangians · Mexico
1313
-13
Birdlovingasian
7:11 Loom
10:20 Feudal Age
10:56 Double-Bit Axe
17:29 Scale Barding Armor
19:25 Wheelbarrow
20:17 Forging
24:11 Castle Age
23:27 Gold Mining
24:14 Light Cavalry
24:55 Husbandry
25:23 Chain Barding Armor
26:09 Gold Shaft Mining
28:16 Bow Saw
30:12 Iron Casting
36:05 Stone Mining
39:59 Hand Cart
42:34 Imperial Age
41:47 Fletching
41:40 Treadmill Crane
44:04 Plate Barding Armor
42:53 Cavalier
44:44 Conscription
46:26 Blast Furnace
YuF
11:39 Feudal Age
15:05 Castle Age
14:03 Double-Bit Axe
14:01 Horse Collar
15:54 Wheelbarrow
15:52 Heavy Plow
16:22 Bow Saw
21:13 Scale Barding Armor
21:08 Loom
21:10 Town Watch
22:56 Chain Barding Armor
23:34 Husbandry
24:58 Bloodlines
25:15 Forging
27:11 Hand Cart
27:05 Gold Mining
27:47 Stone Mining
28:51 Iron Casting
29:32 Stone Shaft Mining
29:34 Fletching
30:16 Bodkin Arrow
34:49 Vendel Legacy
39:40 Imperial Age
39:41 Elite Jarl
40:58 Plate Barding Armor
41:35 Two-Man Saw
41:08 Crop Rotation
40:55 Masonry
41:47 Blast Furnace
42:00 Conscription
42:04 Ballistics
42:14 Bracer
43:17 Chemistry
43:38 Architecture
43:28 Siege Engineers
44:33 Capped Ram
eraycoskun33
6:14 Loom
9:39 Feudal Age
15:01 Wheelbarrow
16:18 Padded Archer Armor
16:32 Town Watch
17:30 Double-Bit Axe
18:47 Horse Collar
19:46 Fletching
28:22 Castle Age
27:28 Stone Mining
41:04 Guard Tower
43:00 Bodkin Arrow
oldnoob2024
6:42 Loom
9:44 Feudal Age
10:20 Double-Bit Axe
11:58 Town Watch
13:28 Fletching
22:59 Castle Age
21:17 Gold Mining
22:57 Wheelbarrow
23:13 Padded Archer Armor
23:44 Bodkin Arrow
23:24 Crossbowman
23:36 Elite Skirmisher
29:42 Leather Archer Armor
38:48 Gold Shaft Mining
41:56 Imperial Age
41:07 Bow Saw
41:55 Stone Mining
42:32 Ballistics
42:22 Masonry
43:08 Conscription
45:22 Chemistry
45:59 Pikeman
47:28 Ring Archer Armor
46:55 Murder Holes
politeOil
9:32 Feudal Age
10:08 Double-Bit Axe
11:58 Bloodlines
14:38 Horse Collar
19:31 Castle Age
18:35 Forging
19:04 Scale Barding Armor
20:33 Husbandry
21:05 Light Cavalry
22:36 Chain Barding Armor
26:43 Wheelbarrow
26:54 Heavy Plow
30:17 Bow Saw
30:24 Gold Mining
33:16 Iron Casting
38:46 Imperial Age
38:55 Cavalier
40:40 Plate Barding Armor
41:05 Blast Furnace
44:02 Capped Ram
49:15 Caravan
愿随心
9:35 Feudal Age
10:33 Double-Bit Axe
11:04 Horse Collar
14:15 Scale Barding Armor
23:00 Castle Age
21:20 Gold Mining
22:05 Forging
23:09 Wheelbarrow
22:54 Bloodlines
23:26 Light Cavalry
24:10 Husbandry
24:32 Chain Barding Armor
24:54 Gold Shaft Mining
24:29 Bow Saw
27:32 Iron Casting
27:48 Hand Cart
38:25 Imperial Age
36:19 Stone Mining
36:58 Loom
38:03 Heavy Plow
39:27 Ballistics
39:18 Masonry
39:31 Cavalier
40:58 Plate Barding Armor
41:31 Paladin
44:17 Blast Furnace
44:30 Conscription
45:08 Caravan
肥肥猫
6:15 Loom
8:56 Feudal Age
9:31 Double-Bit Axe
15:24 Fletching
16:46 Padded Archer Armor
18:59 Horse Collar
21:23 Gold Mining
24:55 Castle Age
23:59 Stone Mining
26:08 Bodkin Arrow
27:31 Gold Shaft Mining
28:18 Leather Archer Armor
28:34 Ballistics
33:45 Heavy Plow
33:56 Bow Saw
39:42 Imperial Age
39:50 Wheelbarrow
40:36 Bracer
41:14 Ring Archer Armor
41:55 Chemistry
44:22 Curare
43:38 Elite Blackwood Archer
44:38 Conscription
50:23 Two-Man Saw
poplin
7:23 Loom
9:54 Feudal Age
15:41 Wheelbarrow
15:05 Fletching
16:45 Town Watch
22:56 Castle Age
22:17 Padded Archer Armor
23:02 Heavy Cavalry Archer
24:40 Double-Bit Axe
26:03 Husbandry
27:01 Leather Archer Armor
27:26 Bodkin Arrow
28:54 Thumb Ring
30:10 Ballistics
31:50 Bow Saw
31:51 Domestication
34:58 Gold Mining
38:42 Imperial Age
39:31 Hand Cart
39:00 Treadmill Crane
39:56 Parthian Tactics
39:33 Bracer
40:03 Ring Archer Armor
40:38 Chemistry
40:18 Conscription
42:02 Ordo Cavalry
42:01 Stone Mining
42:26 Murder Holes
42:43 Fortified Wall
44:46 Siege Engineers
49:11 Forging
49:02 Scale Mail Armor
49:07 Scale Barding Armor
49:40 Stone Shaft Mining
49:13 Pastoralism
49:50 Guard Tower
49:50 Heated Shot
50:11 Masonry
50:09 Lamellar Armor
49:26 Elite Liao Dao
49:56 Gambesons
50:11 Squires
49:57 Arson
49:51 Capped Ram
50:48 Town Patrol
50:43 Siege Ram
Connection lost

Rejoining the realm…

Still unreachable

The connection could not be restored.

Session expired

The server has moved on; the page needs a fresh start.